AoeStats
← MattAtArms

Arabia

507259764Analyzed
1v1 RM · 15d ago on Sep 17, 2026· 57m 21s· 2 players
Game mode
Random Map
Map size
Tiny (2 player)
Population
200
Speed
Normal
Resources
Standard
Victory
Conquest
Starting age
Dark Age
Ending age
Imperial Age
RankedLock teamsTeams togetherTeam positionsShared explorationLock speedFull tech treeHidden civsTurbo modeCheats
Victory
Defeat
🇧🇴 Armenians · Bolivia
2034
+9
🇬🇧 Malians · United Kingdom
1880
-9
Manuel hormigaiper
5:55 Loom
9:16 Feudal Age
9:32 Man-at-Arms
12:56 Double-Bit Axe
15:38 Town Watch
20:39 Castle Age
18:55 Fletching
19:33 Padded Archer Armor
21:14 Bodkin Arrow
21:01 Crossbowman
21:56 Bow Saw
24:16 Ballistics
27:47 Leather Archer Armor
28:41 Wheelbarrow
28:26 Elite Skirmisher
34:21 Horse Collar
36:58 Hand Cart
40:13 Imperial Age
38:48 Pikeman
39:29 Squires
39:29 Scale Mail Armor
40:02 Forging
39:52 Halberdier
40:52 Chain Mail Armor
40:59 Bracer
42:02 Chemistry
42:31 Plate Mail Armor
42:38 Forging
42:57 Long Swordsman
43:23 Gambesons
43:42 Elite Composite Bowman
44:19 Two-Handed Swordsman
45:54 Ring Archer Armor
46:30 Fereters
46:40 Champion
51:17 Scale Barding Armor
52:25 Iron Casting
52:16 Arson
52:53 Chain Barding Armor
51:54 Light Cavalry
52:34 Husbandry
52:47 Bloodlines
52:37 Husbandry
52:47 Bloodlines
52:37 Husbandry
53:24 Conscription
52:55 Stone Mining
52:55 Gold Mining
52:55 Capped Ram
56:21 Blast Furnace
55:59 Hoardings
55:35 Masonry
55:35 Husbandry
56:48 Siege Ram
MattAtArms
8:27 Feudal Age
6:45 Loom
9:03 Double-Bit Axe
12:01 Horse Collar
16:22 Fletching
22:06 Castle Age
20:02 Gold Mining
20:34 Padded Archer Armor
22:08 Crossbowman
22:44 Bodkin Arrow
23:04 Bow Saw
24:02 Ballistics
28:08 Wheelbarrow
27:18 Town Watch
36:29 Imperial Age
34:32 Scale Barding Armor
34:38 Forging
34:32 Heavy Plow
34:57 Thumb Ring
36:53 Leather Archer Armor
36:53 Scale Barding Armor
36:58 Forging
37:08 Hand Cart
36:52 Arbalester
38:39 Chemistry
40:08 Chain Barding Armor
40:38 Iron Casting
40:16 Bloodlines
40:08 Light Cavalry
40:13 Cavalier
41:58 Plate Barding Armor
42:58 Conscription
42:43 Farimba
44:26 Ring Archer Armor
46:29 Conscription
45:38 Light Cavalry
46:19 Husbandry
47:55 Farimba
49:05 Masonry
50:17 Elite Skirmisher
55:53 Architecture
Connection lost

Rejoining the realm…

Still unreachable

The connection could not be restored.

Session expired

The server has moved on; the page needs a fresh start.